 Dungeon Crawl Stone Soup version 0.23.0-28-g6fe0f4d (webtiles) character file.

Game seed: 14239780807950674445

11 Kairos the Skirmisher (level 2, 15/24 HPs)
             Began as a Formicid Abyssal Knight on Feb 25, 2019.
             Was a Follower of Lugonu.
             Quit the game on level 1 of the Dungeon.
             The game lasted 00:02:38 (919 turns).

Kairos the Skirmisher (Formicid Abyssal Knight)      Turns: 919, Time: 00:02:39

Health: 15/24      AC:  6    Str: 16    XL:     2   Next: 40%
Magic:  3/3        EV:  9    Int: 11    God:    Lugonu [*.....]
Gold:   130        SH:  0    Dex: 10    Spells: 1/1 levels left

rFire    . . .     SeeInvis +   a - +1 spear
rCold    . . .     Gourm    .   (no shield)
rNeg     . . .     Faith    .   g - +0 scale mail
rPois    .         Spirit   .   (helmet unavailable)
rElec    .         Reflect  .   (no cloak)
rCorr    .         Harm     .   (no gloves)
MR       .....                  (no boots)
Stlth    ..........             (no amulet)
HPRegen  0.08/turn              (no ring)
MPRegen  0.08/turn              (no ring)

@: no status effects
A: permanent stasis, dig shafts and tunnels, four strong arms, antennae 3
a: Dig, Shaft Self, Depart the Abyss, Renounce Religion


You were on level 1 of the Dungeon.
You worshipped Lugonu.
Lugonu was aware of your devotion.
You were not hungry.

You visited 1 branch of the dungeon, and saw 1 of its levels.
You visited the Abyss 1 time.

You collected 130 gold pieces.

Inventory:

Hand Weapons
 a - a +1 spear (weapon)
Armour
 b - a +0 leather armour
 g - a +0 scale mail (worn)
Magical Staves
 e - an uncursed staff of air
Scrolls
 f - a scroll of identify {unknown}
 h - a scroll of random uselessness {unknown}
Potions
 d - a potion of berserk rage {unknown}
Comestibles
 c - 2 rations


   Skills:
 + Level 3.6 Fighting
 + Level 2.0 Polearms
 + Level 2.3 Armour
 + Level 1.2 Dodging
 + Level 2.4 Invocations


You had one spell level left.
You didn't know any spells.
Your spell library was empty.

Dungeon Overview and Level Annotations

Branches:
Dungeon (1/15)

Altars:


Innate Abilities, Weirdness & Mutations

You cannot be hasted, slowed, berserked, paralysed or teleported.
You can dig through walls and to a lower floor.
Your four strong arms can wield two-handed weapons with a shield.
You have a pair of large antennae on your head. (SInv)


Message History

You are too injured to fight recklessly!
You are too injured to fight recklessly!
You miss the leopard gecko.
The leopard gecko is moderately wounded.
The leopard gecko bites you but does no damage.
You miss the leopard gecko.
The leopard gecko is moderately wounded.
The leopard gecko bites you.
You hit the leopard gecko.
The leopard gecko is heavily wounded.
The leopard gecko bites you.
You hit the leopard gecko.
You kill the leopard gecko!
Lugonu accepts your kill.
Found a stone staircase leading down.
There is a stone staircase leading down here.
A rat comes into view.
A rat is nearby!
A rat is nearby!
Are you sure you want to abandon this character and quit the game? (Confirm with "yes".)

#.# #. #. #.# #r
...#.# { #. #.##.# #.
#.##.# #. #.##.#
###.######.#.##.#
#..........#.##.#####
#@# #.........
#.#######.########
#.........#
#.#######.# #.# #.#
### ###


You could see a rat.

Vanquished Creatures
  2 leopard geckos (D:1)
  A bat (D:1)
  2 giant cockroaches (D:1)
  A hobgoblin (D:1)
  A frilled lizard (D:1)
  2 rats (D:1)
9 creatures vanquished.

Notes
Turn   | Place    | Note
-------+----------+-------------------------------------------
     0 | Abyss:1  | Kairos the Formicid Abyssal Knight began the quest for the
                  | Orb.
     0 | Abyss:1  | Reached XP level 1. HP: 18/18 MP: 2/2
    45 | Abyss:2  | Found a corrupted altar of Lugonu.
   134 | Abyss:2  | Noticed an iron imp
   158 | Abyss:2  | Noticed a large abomination
   168 | Abyss:2  | Noticed a small abomination
   180 | Abyss:2  | Noticed a chaos spawn
   181 | D:1      | Escaped the Abyss
   712 | D:1      | Reached skill level 1 in Dodging
   776 | D:1      | Reached XP level 2. HP: 20/24 MP: 3/3
   791 | D:1      | Reached * piety under Lugonu
   919 | D:1      | Quit the game

Skill      XL: |  1 |
---------------+----+-----
Dodging        | 1 |  1.2
Fighting       | |  3.6
Polearms       | |  2.0
Armour         | |  2.3
Invocations    | |  2.4

Action                   || total
-------------------------++-------
Melee: Spear             ||    53
Invok: Depart the Abyss  ||     1
Armor: Leather armour    ||     9
       Scale mail        ||     7
Dodge: Dodged            ||    28
